 Dungeon Crawl Stone Soup version 0.28-a0-811-g00180f5fcc (webtiles) character file.

Game seed: 9115892485740256957

16 IndexError the Vexing (level 2, 14/14 HPs)
             Began as a Spriggan Arcane Marksman on Nov 8, 2021.
             Was a Follower of Cheibriados.
             Quit the game on level 1 of the Dungeon.
             The game lasted 00:01:31 (371 turns).

IndexError the Vexing (Spriggan Arcane Marksman)     Turns: 371, Time: 00:01:31

Health: 14/14      AC:  2    Str:  8    XL:     2   Next: 37%
Magic:  5/5        EV: 17    Int: 16    God:    Cheibriados [*.....]
Gold:   5          SH:  0    Dex: 17    Spells: 2/3 levels left

rFire   . . .      SeeInvis +   a - +0 hunting sling
rCold   . . .      Faith    .   (shield restricted)
rNeg    . . .      Spirit   .   d - +0 robe
rPois   .          Reflect  .   (helmet restricted)
rElec   .          Harm     .   (no cloak)
rCorr   .          Rampage  .   (gloves unavailable)
Will    .....                   (boots unavailable)
Stlth   ++........              (no amulet)
HPRegen 0.04/turn               (no ring)
MPRegen 0.09/turn               (no ring)

@: no status effects
A: very small, no large weapons, unfitting armour, see invisible, speed 3
a: Renounce Religion, Bend Time


You were on level 1 of the Dungeon.
You worshipped Cheibriados.
Cheibriados was aware of your devotion.
You visited 1 branch of the dungeon, and saw 1 of its levels.

You collected 5 gold pieces.

Inventory:

Hand Weapons
 a - a +0 hunting sling (weapon)
 b - a +0 vampiric whip {!w}
   (You took it off a kobold on level 1 of the Dungeon)
Missiles
 c - 17 sling bullets (quivered ammo)
 f - 3 stones
Armour
 d - a +0 robe (worn)
Potions
 e - a potion of magic {unknown}


   Skills:
 + Level 1.4 Fighting
 + Level 3.1 Slings
 - Level 2.6 Dodging
 - Level 1.3 Spellcasting
 - Level 3.6 Hexes


You had 2 spell levels left.
You knew the following spells:

 Your Spells              Type           Power      Damage    Failure   Level
s - Slow                  Hex            48%        N/A       4%          1

Your spell library contained the following spells:

 Spells                   Type           Power      Damage    Failure   Level
 Inner Flame              Hex/Fire       6%         N/A       32%         3
 Portal Projectile        Hex/Tloc       12%        N/A       32%         3
 Cause Fear               Hex            6%         N/A       45%         4


Dungeon Overview and Level Annotations

Branches:
Dungeon (1/15)

Altars:
Cheibriados


Innate Abilities, Weirdness & Mutations

You are very small and have problems with some larger weapons.
You are too small for most types of armour.
You have supernaturally acute eyesight. (SInv)
You cover ground extremely quickly. (Speed+++)


Message History

c - 16 sling bullets (gained 1)
c - 17 sling bullets (gained 1)
c - 18 sling bullets (gained 1)
c - 19 sling bullets (gained 1)
You see here a jackal corpse.
You see here a jackal corpse.
A ball python comes into view.
You shoot a sling bullet. The sling bullet hits the ball python.
You shoot a sling bullet.
The sling bullet hits the ball python but does no damage.
You shoot a sling bullet. The sling bullet hits the ball python!
Found a stone staircase leading down.
A hobgoblin comes into view.
A hobgoblin is nearby!
You shoot a sling bullet. The sling bullet hits the hobgoblin.
The hobgoblin shouts!
You hear a shout!
You shoot a sling bullet. The sling bullet hits the hobgoblin!
c - 15 sling bullets (gained 1)
A goblin comes into view. It is wielding a +0 club.
The goblin shouts!
You hear a shout!
You see here a sling bullet.
You shoot a sling bullet. The sling bullet hits the goblin.
A kobold comes into view. It is wielding a +0 vampiric whip.
You have reached level 2!
Health restored: 14; MP restored: 5 You shoot a sling bullet.
The sling bullet hits the kobold!
Your Slings skill increases to level 3!
c - 14 sling bullets (gained 1)
c - 15 sling bullets (gained 1)
c - 16 sling bullets (gained 1)
c - 17 sling bullets (gained 1)
c - 18 sling bullets (gained 1)
You see here a +0 club.
c - 19 sling bullets (gained 1)
Things that are here:
a +0 vampiric whip {!w}; a kobold corpse
b - a +0 vampiric whip {!w} A goblin comes into view.
It is wielding a +0 dagger.
You shoot a sling bullet. The sling bullet hits the goblin!
No target in view!
A rat comes into view.
Things that are here:
a sling bullet; a +0 dagger You shoot a sling bullet.
The sling bullet closely misses the rat.
You shoot a sling bullet. The sling bullet barely misses the rat.
You shoot a sling bullet.
The sling bullet closely misses the rat.
The rat misses you.
You shoot a sling bullet. The sling bullet hits the rat!
c - 15 sling bullets (gained 1)
You see here a +0 dagger.
c - 16 sling bullets (gained 1)
You see here a rat corpse.
c - 17 sling bullets (gained 1)
c - 18 sling bullets (gained 1)
A bat comes into view.
You shoot a sling bullet. The sling bullet hits the bat!
No target in view!
A giant cockroach comes into view.
A giant cockroach is nearby!
You shoot a sling bullet.
The sling bullet hits the giant cockroach.
You now have 5 gold pieces.
c - 17 sling bullets (gained 1)
You see here a bat corpse.
A quokka comes into view.
You shoot a sling bullet. The sling bullet hits the quokka.
You shoot a sling bullet.
The sling bullet hits the quokka but does no damage.
You shoot a sling bullet. The sling bullet hits the quokka.
c - 15 sling bullets (gained 1)
You see here a giant cockroach corpse.
c - 16 sling bullets (gained 1)
c - 17 sling bullets (gained 1)
e - a murky white potion You open the door.
Found a faded altar of an unknown god.
There is an open door here.
There is a faded altar of an unknown god here.
You cannot tell which god this altar belongs to.
Convert to them anyway?
Cheibriados accepts your prayer! Cheibriados welcomes you!
Cheibriados begins to support your attributes as your movement slows.
You can now bend time to slow others.
Cheibriados is now slowing the effects of poison on you.
Cheibriados raises the support of your attributes as your movement slows.
There is an open door here.
A kobold comes into view. It is wielding a +0 club.
You shoot a sling bullet.
The sling bullet hits the kobold but does no damage.
The kobold shouts!
You shoot a sling bullet. The sling bullet hits the kobold.
c - 16 sling bullets (gained 1);
f - 3 stones
Things that are here:
a +0 club; a kobold corpse
c - 17 sling bullets (gained 1)
A giant cockroach comes into view.
You pace your travel speed to your slowest ally.
Are you sure you want to abandon this character and quit the game? (Confirm with "yes".)

..... ..(. ...# ## #..# ..##..#
....######[ #......B.. . #.@# #
##########..# #..)........#
####.#####....##
#....#8.8#....# .##
#.8###...###8.## ####....
#..'..._...+...#########.......
#.8###...###8....†......[######
#....#8.8#.....#####..........#


You could see a giant cockroach.

Vanquished Creatures
  A giant cockroach (D:1)
  A hobgoblin (D:1)
  4 jackals (D:1)
  A quokka (D:1)
  A ball python (D:1)
  A bat (D:1)
  2 goblins (D:1)
  2 kobolds (D:1)
  A rat (D:1)
14 creatures vanquished.

Notes
Turn   | Place    | Note
-------+----------+-------------------------------------------
     0 | D:1      | IndexError the Spriggan Arcane Marksman began the quest for
                  | the Orb.
     0 | D:1      | Reached XP level 1. HP: 9/9 MP: 3/3
    13 | D:1      | Reached skill level 1 in Fighting
   231 | D:1      | Reached XP level 2. HP: 14/14 MP: 5/5
   232 | D:1      | Reached skill level 3 in Slings
   338 | D:1      | Found a faded altar of an unknown god.
   344 | D:1      | Prayed at the altar of an unknown god.
   344 | D:1      | Became a worshipper of Cheibriados the Contemplative
   344 | D:1      | Reached * piety under Cheibriados
   371 | D:1      | Quit the game

Illustrated notes

Levels and vault maps discovered:
D:1:      dpeg_arrival_round_c, layout_rooms,
          dreamdust_ecumenical_altar_angels_and_demons, minivault_26

Skill      XL: |  1  2 |
---------------+-------+-----
Fighting       | 1 |  1.4
Slings         | 3 |  3.1
Dodging        | |  2.6
Spellcasting   | |  1.3
Hexes          | |  3.6

Action                   || total
-------------------------++-------
 Fire: Hunting sling     ||    30
Armor: Robe              ||     3
Dodge: Dodged            ||     8

Table legend: (Time is in decaauts)
 A = Elapsed time spent in this place.
 B = Non-inter-level travel time spent in this place.
 C = Inter-level travel time spent in this place.
 D = Time resting spent in this place.
 E = Time spent auto-exploring this place.
 F = Levels seen in this place.
 G = Mean time per level.
                   A        B        C        D        E       F      G
               +--------+--------+--------+--------+--------+-----+--------+
         Total |    317 |    317 |      0 |      0 |    254 |   1 |  317.0 |
       Dungeon |    317 |    317 |      0 |      0 |    254 |   1 |  317.0 |
               +--------+--------+--------+--------+--------+-----+--------+

Top non-repeatable levels by time:
     D:1: 317 daAuts

Table legend:
 A = Kills in this place as a percentage of kills in entire the game.
 B = Kills by you in this place as a percentage of kills by you in the entire game.
 C = Kills by friends in this place as a percentage of kills by friends in the entire game.
 D = Other kills in this place as a percentage of other kills in the entire game.
 E = Experience gained in this place as a percentage of experience gained in the entire game.
 F = Experience gained in this place divided by the number of levels of this place that you have seen.
                   A       B       C       D       E      F
               +-------+-------+-------+-------+-------+----------------------
         Total | 100.0 | 100.0 |   N/A |   N/A | 100.0 |  23.0
       Dungeon | 100.0 | 100.0 |   N/A |   N/A | 100.0 |  23.0
               +-------+-------+-------+-------+-------+----------------------
